 Dungeon Crawl Stone Soup version 0.27.0-66-gdc8fb28755 (webtiles) character file.

Game seed: 14659461855444157815

129 ZARRMARR the Skirmisher (level 4, -9/40 HPs)
             Began as a Palentonga Fighter on Aug 20, 2021.
             Killed by divine providence
             ... invoked by an orc priest
              (12 damage)
             ... on level 3 of the Dungeon.
             The game lasted 00:12:28 (3463 turns).

ZARRMARR the Skirmisher (Palentonga Fighter)        Turns: 3463, Time: 00:12:28

Health: -9/40      AC: 10    Str: 20    XL:     4   Next: 88%
Magic:  5/5        EV:  3    Int: 15    God:
Gold:   51         SH:  8    Dex:  7    Spells: 4/5 levels left

rFire    . . .     SeeInvis +     - Unarmed
rCold    . . .     Faith    .   b - +0 kite shield
rNeg     . . .     Spirit   .   j - +0 chain mail
rPois    .         Reflect  .   (no helmet)
rElec    .         Harm     .   h - +1 cloak
rCorr    .         Rampage  .   (no gloves)
Will     .....     Clarity  +   (no barding)
Stlth    ..........             (no amulet)
HPRegen  0.13/turn              d - +6 ring of intelligence
MPRegen  0.09/turn              (no ring)

@: no status effects
A: large, rugged brown scales 3, see invisible, deformed body, roll 1, armoured
tail, clarity, clumsy 1, robust 1
a: Rolling Charge


You were on level 3 of the Dungeon.
You visited 1 branch of the dungeon, and saw 3 of its levels.

You collected 51 gold pieces.

Inventory:

Missiles
 i - 5 boomerangs (quivered)
Armour
 b - a +0 kite shield (worn)
 h - a +1 cloak (worn)
 j - a +0 chain mail (worn)
Jewellery
 d - a +6 ring of intelligence (left hand)
Scrolls
 g - a scroll of amnesia {unknown}
Potions
 c - 2 potions of might
 e - 3 potions of curing


   Skills:
 + Level 3.5 Fighting
 + Level 3.0 Armour
 + Level 0.2 Dodging
 + Level 3.1 Shields
 + Level 2.8 Unarmed Combat
 + Level 1.0 Spellcasting
 + Level 0.6 Conjurations


You had 4 spell levels left.
You knew the following spells:

 Your Spells              Type           Power      Damage    Failure   Level
a - Magic Dart            Conj           8%         1d3       100%        1

Your spell library contained the following spells:

 Spells                   Type           Power      Damage    Failure   Level
 Summon Small Mammal      Summ           0%         N/A       100%        1
 Call Imp                 Summ           0%         N/A       100%        2
 Static Discharge         Conj/Air       1%         N/A       100%        2
 Call Canine Familiar     Summ           0%         N/A       100%        3
 Mephitic Cloud           Conj/Pois/Air  1%         N/A       100%        3
 Summon Guardian Golem    Hex/Summ       0%         N/A       100%        3
 Dispel Undead            Necr           0%         3d6       100%        4
 Sticky Flame             Conj/Fire      1%         2d3       100%        4


Dungeon Overview and Level Annotations

Branches:
Dungeon (3/15)

Altars:
Nemelex Xobeh
Uskayaw


Innate Abilities, Weirdness & Mutations

You are completely covered in rugged brown scales. (AC +3, +7% HP)
You have supernaturally acute eyesight. (SInv)
Armour fits poorly on your strangely shaped body.
You can roll at nearby foes to attack.
You have a long armoured tail.
You possess an exceptional clarity of mind.
You are clumsy. (Dex -2)
You are robust. (+10% HP)


Message History

The orc is heavily wounded.
You block the orc's attack. x2
You completely miss the orc. You tail-slap the orc.
You kill the orc!
The dart slug launches a dart at you. The slug dart hits you.
An orc comes into view. It is wielding a +0 short sword.
Throw: 5 boomerangs
Press: ? - help, Q - select action, (/) - cycle Shift-Dir - straight line, f - dart slug
Aim: a dart slug (93% to hit)
You throw a boomerang. The boomerang hits the dart slug.
The dart slug is heavily wounded.
Unknown command.
You hit the dart slug. You tail-slap the dart slug.
You kill the dart slug!
The orc priest begins to cast a cantrip, but forgets the words!
Throw: 5 boomerangs
Press: ? - help, Q - select action, (/) - cycle Shift-Dir - straight line, f - orc
Aim: an orc, wielding a +0 flail (54% to hit)
You throw a boomerang.
The boomerang hits the orc but does no damage.
The orc hits you but does no damage.
You closely miss the orc. You closely miss the orc priest.
The orc priest mumbles some strange prayers to Beogh against you.
Beogh smites you! The orc hits you with a +0 flail.
The orc priest mumbles some strange prayers to Beogh against you.
Pain shoots through your body!
* * * LOW HITPOINT WARNING * * *
It was a potion of mutation.
You feel extremely strange.
You feel clumsy.
You feel robust.
Your thoughts seem clearer.
You block the orc's attack.
The orc priest hits you but does no damage.
The orc priest calls down the wrath of Beogh upon you.
You barely resist. The orc hits you with a +0 flail.
* * * LOW HITPOINT WARNING * * *
The orc priest calls down the wrath of Beogh upon you.
Beogh smites you!
You die...

.....###.##.####.#
...
##...............#
...
)................#
.....
#.#..............#
.....
#.######....)....#
...(... #.#
#[.#+##.#.# #..
#.........# #..
#.........# #...
#........@# ....
#........o#
#(......oo#
#...>..o..#
......##)#.#
#####.##.#.# #
#[#.# #.#.# .....


You could see 2 orc priests and 2 orcs.

Vanquished Creatures
  An orc priest (D:2)
  Robin (D:2)
  2 adders (D:2)
  3 dart slugs
  5 orcs
  6 ball pythons
  6 endoplasms
  A giant cockroach (D:1)
  6 goblins
  7 hobgoblins
  2 kobolds
  6 quokkas
  3 bats
  2 frilled lizards
  2 rats
53 creatures vanquished.

Notes
Turn   | Place    | Note
-------+----------+-------------------------------------------
     0 | D:1      | ZARRMARR the Palentonga Fighter began the quest for the
                  | Orb.
     0 | D:1      | Reached XP level 1. HP: 19/19 MP: 1/1
    86 | D:1      | Found a faded altar of an unknown god.
   113 | D:1      | Reached XP level 2. HP: 21/25 MP: 2/2
   945 | D:1      | Reached XP level 3. HP: 28/31 MP: 3/3
  1474 | D:2      | Learned a level 1 spell: Magic Dart
  2238 | D:2      | Noticed Robin
  2261 | D:2      | Killed Robin
  2262 | D:2      | Reached XP level 4. HP: 24/37 MP: 1/4
  2747 | D:3      | Found a sparkling altar of Nemelex Xobeh.
  2759 | D:3      | Found a hide-covered altar of Uskayaw.
  3107 | D:2      | Reached skill level 1 in Spellcasting
  3460 | D:3      | Gained mutation: You are clumsy. (Dex -2) [potion of
                  | mutation]
  3460 | D:3      | Gained mutation: You are robust. (+10% HP) [potion of
                  | mutation]
  3460 | D:3      | Gained mutation: You possess an exceptional clarity of
                  | mind. [potion of mutation]
  3463 | D:3      | Killed from afar by an orc priest

Illustrated notes

Levels and vault maps discovered:
D:1:      dpeg_arrival_boxorama, layout_rooms, ebering_ecumenical_altar_webs,
          hex_tiny
D:2:      layout_basic, serial_curves, eino_curves_04, eino_curves_04,
          eino_curves_02, eino_curves_02, roderic_lattice_a, uniq_robin
D:3:      layout_basic, amethyst_overflow_temple_binary, chequers_arboretum

Skill      XL: |  1  2  3  4 |
---------------+-------------+-----
Shields        | 3 |  3.1
Spellcasting   | 1 |  1.0
Armour         | 3 |  3.0
Fighting       | |  3.5
Dodging        | |  0.2
Unarmed Combat | |  2.8
Conjurations   | |  0.6

Action                   |  1- 3 |  4- 6 || total
-------------------------+-------+-------++-------
Melee: Unarmed           |   135 |    64 ||   199
       Tailslap          |    16 |    12 ||    28
Throw: Stone             |    13 |       ||    13
       Boomerang         |       |    10 ||    10
 Cast: Magic Dart        |       |     1 ||     1
 Abil: Rolling Charge    |     5 |     1 ||     6
  Use: Potion            |       |     1 ||     1
Armor: Scale mail        |    52 |    17 ||    69
       Chain mail        |       |     9 ||     9
Dodge: Dodged            |    22 |    14 ||    36
Block: Kite shield       |    50 |    28 ||    78
